 Dungeon Crawl Stone Soup version 0.19-a0-644-gd04d753 (webtiles) character file.

22 Stormphoenix the Sneak (level 2, -4/14 HPs)
             Began as a Spriggan Assassin on June 14, 2016.
             Slain by a worm (12 damage)
             ... on level 2 of the Dungeon.
             The game lasted 00:01:21 (625 turns).

Stormphoenix the Sneak (Spriggan Assassin)           Turns: 625, Time: 00:01:22

Health: -4/14      AC:  3    Str:  7    XL:     2   Next: 68%
Magic:  3/3        EV: 16    Int: 12    God:
Gold:   82         SH:  0    Dex: 15    Spells: 0 memorised, 1 level left

rFire  . . .     SeeInvis +     a - +2 dagger
rCold  . . .     Gourm    .     c - +0 robe
rNeg   . . .     Faith    .     (shield restricted)
rPois  .         Spirit   .     (helmet restricted)
rElec  .         Dismiss  .     d - +0 cloak
rCorr  .         Reflect  .     (gloves unavailable)
SustAt .         Harm     .     (boots unavailable)
MR     .....                    i - amulet of regeneration
Stlth  ++++......               (no ring)
                                (no ring)

@: very quick, not resistant to hostile enchantments, stealthy
A: unfitting armour, hooves 1, see invisible, clumsy 1, herbivore 3, speed 3,
slow metabolism 2
a: no special abilities


You were on level 2 of the Dungeon.
You were not hungry.

You visited 1 branch of the dungeon, and saw 2 of its levels.

You collected 82 gold pieces.

Inventory:

Hand Weapons
 a - a +2 dagger (weapon)
 b - a +0 blowgun
Missiles
 e - 8 poisoned needles
 f - 2 curare-tipped needles
Armour
 c - a +0 robe (worn)
 d - a +0 cloak (worn)
Jewellery
 i - an amulet of regeneration (around neck)
Potions
 j - 2 potions of cure mutation {unknown}
Comestibles
 g - a bread ration


   Skills:
 - Level 1.5 Fighting
 - Level 2.1 Short Blades
 - Level 2.0 Throwing
 - Level 1.5 Dodging
 + Level 7.2 Stealth


You had one spell level left.
You didn't know any spells.

Dungeon Overview and Level Annotations

Branches:
Dungeon (2/15)

Altars:


Innate Abilities, Weirdness & Mutations

You are tiny and cannot use many weapons and most armour.
You have supernaturally acute eyesight. (SInv)
You are a herbivore.
You cover ground extremely quickly.
You need consume almost no food.
You have large cloven feet.
You are clumsy. (Dex -2)


Message History

The worm is heavily wounded.
The goblin closely misses you.
You hit the worm but do no damage.
The worm is heavily wounded.
The worm barely misses you.
You hit the worm.
The worm is heavily wounded.
The goblin closely misses you.
The jackal bites you but does no damage.
The worm misses you.
You hit the worm but do no damage. You kick the worm, but do no damage.
The worm is heavily wounded.
The jackal stops to sniff the ground.
The goblin closely misses you. The jackal misses you.
You hit the worm but do no damage.
The worm is heavily wounded.
The jackal bites you. The goblin hits you but does no damage.
The worm bites you!
Ouch! That really hurt!
You die...

#.## .# (#.#
..###.##...###
...####.......#.....
#.....<.#..........
#.###.....#....)..#.
###.....#...#...
#........# ....
#...h....#.....
#.hw@..#...#...
#..hgh#..†..".#
#.....#...........
#.................
..............>...
#.................
##................
#....##...#......
#.## #..##....$.


You could see a worm, 4 jackals and a goblin.

Vanquished Creatures
  A giant gecko (D:1)
  2 bats (D:1)
  4 giant cockroaches
  2 goblins (D:1)
  3 hobgoblins (D:1)
  A giant newt (D:1)
  3 kobolds (D:1)
  2 rats (D:1)
18 creatures vanquished.

Notes
Turn   | Place    | Note
--------------------------------------------------------------
     0 | D:1      | Stormphoenix the Spriggan Assassin began the quest for the Orb.
     0 | D:1      | Reached XP level 1. HP: 10/10 MP: 2/2
     8 | D:1      | Reached skill level 6 in Stealth
    85 | D:1      | Reached XP level 2. HP: 14/14 MP: 3/3
   390 | D:1      | Reached skill level 7 in Stealth
   592 | D:1      | Gained mutation: You are clumsy. (Dex -2) [potion of mutation]
   592 | D:1      | Gained mutation: You have large cloven feet. [potion of mutation]
   625 | D:2      | Slain by a worm

Vault maps used:
D:1:      dpeg_arrival_connections, minivault_25
D:2:      minmay_misc_feat_more_columns, minmay_misc_feat_nine_boxes,
          minmay_fountain_box, roderic_aztec_sauvastika

Skill      XL: |  1  2 |
---------------+-------+-----
Stealth        | 6 7 |  7.2
Fighting       | |  1.5
Short Blades   | |  2.1
Throwing       | |  2.0
Dodging        | |  1.5

Action                   || total
-------------------------++-------
Melee: Dagger            ||    48
       Kick              ||     2
  Use: Scroll            ||     3
       Potion            ||     1
 Stab: Sleeping          ||     9
Armor: Robe              ||     8
Dodge: Dodged            ||    28
